 Dungeon Crawl Stone Soup version 0.21.1-1-g345015f (webtiles) character file.

192866 tev the Slayer (level 17, 0/173 HPs)
             Began as a Minotaur Monk on July 29, 2018.
             Was a Believer of Uskayaw.
             Slain by a thorn hunter (7 damage)
             ... on level 3 of the Swamp.
             The game lasted 03:37:23 (39320 turns).

tev the Slayer (Minotaur Monk)                     Turns: 39320, Time: 03:37:24

Health: 0/173      AC: 32    Str: 24      XL:     17   Next: 62%
Magic:  0/19       EV: 12    Int:  6 (7)  God:    Uskayaw [**....]
Gold:   439        SH:  0    Dex: 12      Spells: 16/16 levels left

rFire    . . .     SeeInvis .   P - +9 great mace (chaos)
rCold    . . .     Gourm    .   (shield currently unavailable)
rNeg     . . .     Faith    .   i - +5 crystal plate armour
rPois    +         Spirit   +   G - +1 hat
rElec    .         Reflect  .   R - scarf {Spirit}
rCorr    +         Harm     .   (no gloves)
MR       +....                  (no boots)
Stlth    ..........             E - amulet of regeneration
HPRegen  0.78/turn              v - ring of poison resistance
MPRegen  0.16/turn              n - ring of resist corrosion

@: lethally poisoned (0 -> 0)
A: retaliatory headbutt, horns 2, repulsion field 1, thin metallic scales 1
}: 1/15 runes: gossamer
a: Stomp, Line Pass, Renounce Religion


You were on level 3 of the Swamp.
You worshipped Uskayaw.
Uskayaw was noncommittal.
You were not hungry.

You visited 5 branches of the dungeon, and saw 30 of its levels.
You also visited: Ossuary.

You collected 3348 gold pieces.
You spent 2909 gold pieces at shops.

Inventory:

Hand Weapons
 D - a +2 demon whip of electrocution
 P - a +9 great mace of chaos (weapon)
 X - the +6 mace "Fapicwi" {vamp, rC++ Str-3 Int+5}
   (You took it off a wizard on level 15 of the Dungeon)

   It inflicts no extra harm, but heals its wielder when it wounds a living foe.
   It affects your strength (-3).
   It affects your intelligence (+5).
   It greatly protects you from cold.
Armour
 i - a +5 crystal plate armour (worn)
 B - a +0 shield
 G - a +1 hat (worn)
 N - the +6 chain mail "Weuziext" {rElec rF+ rN+}
   (You found it on level 3 of the Spider Nest)

   It protects you from fire.
   It insulates you from electricity.
   It protects you from negative energy.
 R - a scarf of spirit shield (worn)
Jewellery
 f - an uncursed ring of ice
 m - an uncursed ring of protection from fire
 n - a ring of resist corrosion (right hand)
 v - a ring of poison resistance (left hand)
 x - an uncursed ring of ice
 C - a +5 ring of protection
 E - an amulet of regeneration (around neck)
 Y - a +4 ring of protection
Scrolls
 a - 3 scrolls of enchant weapon
 b - 16 scrolls of teleportation
 g - 2 scrolls of random uselessness
 h - 15 scrolls of remove curse
 p - 4 scrolls of enchant armour
 r - 5 scrolls of magic mapping
 t - 14 scrolls of identify
 u - a scroll of blinking
 w - a scroll of holy word
 y - a scroll of vulnerability
 F - 3 scrolls of summoning
 H - 5 scrolls of immolation
 I - a scroll of fear
 L - a scroll of fog
 Z - a scroll of brand weapon
Potions
 d - 2 potions of agility
 j - a potion of lignification
 k - 4 potions of flight
 l - 7 potions of curing
 o - 3 potions of ambrosia
 q - 2 potions of magic
 z - a potion of berserk rage
 J - 3 potions of resistance
 K - 2 potions of might
 S - a potion of haste
 U - a potion of brilliance
 W - a potion of heal wounds
Books
 e - a book of Geomancy

   Spells                             Type                      Level
   a - Sandblast                      Earth                        1
   b - Passwall                       Transmutation/Earth          2
   c - Stone Arrow                    Conjuration/Earth            3
   d - Petrify                        Transmutation/Earth          4
   e - Lee's Rapid Deconstruction     Earth                        5
 s - a book of Spatial Translocations

   Spells                             Type                      Level
   a - Blink                          Translocation                2
   b - Shroud of Golubria             Charms/Translocation         2
   c - Lesser Beckoning               Translocation                3
   d - Gell's Gravitas                Translocation                3
   e - Teleport Other                 Translocation                3
   f - Passage of Golubria            Translocation                4
Comestibles
 c - 22 rations


   Skills:
 * Level 21.4 Fighting
   Level 0.2(13.5) Axes
 - Level 20.0 Maces & Flails
 + Level 16.2 Armour
 + Level 10.7 Dodging
 - Level 1.5 Stealth
 - Level 9.3 Shields
 - Level 5.0 Invocations
   Level 1.0 Evocations


You had 16 spell levels left.
You didn't know any spells.

Dungeon Overview and Level Annotations

Branches:
Dungeon (15/15)            Temple (0/1) D:4            Lair (6/6) D:9
  Swamp (3/4) Lair:4       Spider (4/4) Lair:4        Slime (0/5) Lair:6
    Orc (2/2) D:11            Elf (0/3) Orc:2        Vaults (0/5) D:13
 Depths (0/5) D:15

Altars:
Dithmenos
Elyvilon
Gozag
Hepliaklqana
Kikubaaqudgha
Makhleb
Qazlal
Sif Muna
Uskayaw
Wu Jian
Xom
Yredelemnul
The Shining One
Jiyva

Shops:
D:7 [*:?   D:10 }   Orc:1 *[*:=   Orc:2 !(*}

Portals:
Pandemonium: Orc:2

Annotations:
Swamp:3 Mara


Innate Abilities, Weirdness & Mutations

You reflexively headbutt those who attack you in melee.
You have a pair of horns on your head.
You are surrounded by a mild repulsion field. (EV +2)
You are partially covered in thin metallic scales. (AC +2)


Message History

Thorny briars emerge from the ground!
Mara gestures at you. Pain shoots through your body!
* * * LOW HITPOINT WARNING * * *
You thump Mara!
You smell decay.
You headbutt Mara, but do no damage.
Mara is almost dead.
Tev's illusion closely misses you.
Mara blinks!
You can now pass through a line of other dancers.
You feel sick.
Thorny briars emerge from the ground!
You hammer the briar patch like a gong!!!
You burn the briar patch.
You destroy the briar patch!
You feel sick.
The thorn hunter gestures.
Thorny briars emerge from the ground!
Tev's illusion hits you!!
* * * LOW HITPOINT WARNING * * *
You feel sick.
Mara blinks!
There is a stone staircase leading down here.
The thorn hunter hits you!
You die...

♣♣....§ ♣..≈≈.♣♣♣♣♣♣
♣.≈.≈≈.≈...♣♣
♣....≈≈.≈≈≈$♣
♣.≈..§≈.≈≈≈§♣♣
♣♣.≈≈≈≈≈$.≈≈≈.♣
♣..≈§≈f...§§≈≈♣
♣PPPPP@♣PP≈≈..♣♣♣
♣P♣PP@PPPPP≈.≈≈≈♣♣
♣.≈..≈♣.......≈≈.♣
♣....♣♣♣♣♣≈≈♣..≈≈♣♣♣♣♣♣
♣....R♣♣ ♣♣♣♣♣≈≈♣≈.≈≈≈.
♣.♣.≈≈..≈.≈.♣≈...♣♣♣♣.≈≈≈.
♣.♣.PPPP≈≈≈≈≈..≈≈≈♣ ♣≈<≈≈.
♣PPPPPPPPP≈≈≈...≈≈.♣♣≈..≈.
♣PPPPPPPPP≈≈≈...≈.≈....≈≈.


You could see Mara, a thorn hunter and tev's illusion.

Vanquished Creatures
  Rupert (D:13)
  A thorn hunter (Swamp:2)
  11 emperor scorpions
  4 ghost moths (Spider:4)
  4 entropy weavers
  A spark wasp (Spider:3)
  Snorg (Lair:5)
  An ogre mage (D:13)
  A yaktaur captain (D:15)
  The ghost of wojtek the Cleaver, a journeyman MiFi of Makhleb (D:10)
  Erolcha (D:9)
  2 hydras
  The ghost of Ymberto the Fighter, a novice NaTm of Cheibriados (D:8)
  Erica (D:8)
  4 centaur warriors
  6 two-headed ogres
  A death knight (D:13)
  3 catoblepae (Lair:6)
  3 alligators
  16 death yaks
  8 orc high priests (Orc:2)
  A sixfirhy (Orc:2)
  2 fire crabs (shapeshifter) (D:15)
  2 unseen horrors
  3 infernal demonspawn
  A swamp dragon (Swamp:1)
  A wizard (D:15)
  Pikel (D:5)
  7 orc knights
  The ghost of zapotec the Slasher, a novice DsBe of Trog (D:6)
  16 orb spiders
  5 orc sorcerers
  5 oklob plants
  2 deep elf magi
  23 wolf spiders
  2 manticores (Lair:6)
  6 cyclopes
  3 moths of wrath
  16 slime creatures
  2 centaur zombies
  4 ugly things
  Joseph (D:9)
  A rust devil (Orc:2)
  5 black mambas
  Maurice (D:8)
  2 gargoyles
  An orange demon (Orc:2)
  15 spiny frogs
  2 torpor snails
  2 kobold demonologists
  4 komodo dragons
  4 yaktaurs (D:15)
  A hellwing (Orc:2)
  10 demonic crawlers
  2 ice devils (Orc:1)
  5 tyrant leeches
  2 trolls
  A polar bear (Lair:5)
  33 jumping spiders
  3 meliai (Spider:2)
  6 hornets
  A bog body (Swamp:1)
  31 blink frogs
  6 dream sheep (Lair:5)
  8 hippogriffs
  4 spriggans
  4 wyverns
  2 shadows
  27 tarantellas
  2 wraiths
  Sigmund (D:3)
  64 yaks
  105 redbacks
  A ynoxinul (Orc:2)
  4 hogs (D:11)
  A human (D:11)
  2 hungry ghosts
  2 steam dragons
  22 vampire mosquitoes
  6 insubstantial wisps (Swamp:2)
  A soldier ant (D:13)
  3 wargs
  7 swamp worms
  2 acid dragons
  7 water moccasins
  6 porcupines
  2 swamp drakes (Swamp:1)
  6 sky beasts
  4 ice beasts
  36 orc warriors
  A black bear (Lair:1)
  A phantom (D:13)
  10 ogres
  12 wolves
  13 centaurs
  13 crocodiles
  2 big kobolds (D:12)
  A wyvern zombie (D:9)
  A water moccasin zombie (D:6)
  18 bullfrogs
  2 wyvern skeletons
  14 scorpions
  18 killer bees
  An electric eel (Lair:6)
  A howler monkey (D:7)
  6 crimson imps
  2 bullfrog zombies (D:12)
  2 quasits
  3 human zombies (Ossuary)
  6 hounds
  2 bullfrog skeletons (D:4)
  12 jellies
  15 orc wizards
  22 orc priests
  Ijyb (D:3)
  5 centaur skeletons
  Natasha (thrice) (D:3)
  6 iguanas
  5 worker ants
  4 big kobold zombies (Ossuary)
  A hound skeleton (D:3)
  3 mummies (Ossuary)
  A worker ant zombie (D:11)
  A howler monkey skeleton (D:11)
  5 scorpion zombies (Ossuary)
  15 adders
  5 shadow imps
  15 oozes
  An adder skeleton (D:8)
  An adder zombie (D:9)
  4 leopard geckos
  91 orcs
  A ball python (D:3)
  8 bats
  4 giant cockroaches
  4 goblins
  3 hobgoblins
  5 jackals
  9 quokkas
  2 frilled lizards (D:2)
  3 goblin zombies (Ossuary)
  A hobgoblin zombie (Ossuary)
  3 kobolds
  4 kobold zombies (Ossuary)
  A leopard gecko zombie (D:8)
  An orc zombie (Ossuary)
  A quokka skeleton (D:6)
  7 rats
  3 briar patches
  A butterfly (Lair:6)
  A plant (Lair:6)
1050 creatures vanquished.

Vanquished Creatures (others)
  2 two-headed ogres (D:13)
  An ugly thing (D:13)
  A slime creature (D:13)
  A wolf spider (Spider:1)
  A troll (D:13)
  A hornet (D:14)
  A yak (Lair:6)
  2 vampire mosquitoes (D:13)
  An orc warrior (D:13)
  A swamp drake (shapeshifter) (D:13)
  A slave (D:5)
  A centaur (D:13)
  A howler monkey (D:13)
  11 fungi
  15 plants
41 creatures vanquished.

Grand Total: 1091 creatures vanquished

Notes
Turn   | Place    | Note
-------+----------+-------------------------------------------
     0 | D:1      | tev the Minotaur Monk began the quest for the Orb.
     0 | D:1      | Reached XP level 1. HP: 19/19 MP: 0/0
   630 | D:1      | Reached XP level 2. HP: 26/27 MP: 1/1
   886 | D:2      | Reached skill level 4 in Fighting
   928 | D:2      | Reached XP level 3. HP: 33/33 MP: 2/2
  1021 | D:2      | Found a hazy altar of Hepliaklqana.
  1076 | D:2      | Found an ancient bone altar of Kikubaaqudgha.
  1129 | D:2      | Found a deep blue altar of Sif Muna.
  1316 | D:2      | Found a hide-covered altar of Uskayaw.
  1324 | D:2      | Became a worshipper of Uskayaw the Reveler
  1324 | D:2      | Reached * piety under Uskayaw
  1402 | D:3      | Reached ** piety under Uskayaw
  1432 | D:3      | Reached skill level 1 in Armour
  1432 | D:3      | Reached *** piety under Uskayaw
  1737 | D:3      | Reached XP level 4. HP: 17/40 MP: 3/3
  1740 | D:3      | HP: 2/41 [orc priest/mace (5)]
  1740 | D:3      | Reached **** piety under Uskayaw
  2052 | D:3      | Noticed Sigmund
  2063 | D:3      | Killed Sigmund
  2063 | D:3      | Reached skill level 5 in Fighting
  2063 | D:3      | Reached XP level 5. HP: 29/48 MP: 4/4
  2063 | D:3      | Reached XP level 6. HP: 33/56 MP: 5/5
  2204 | D:3      | Noticed Natasha
  2211 | D:3      | Killed Natasha
  2231 | D:3      | Noticed Natasha
  2233 | D:3      | Killed Natasha
  2277 | D:3      | Noticed Ijyb
  2291 | D:3      | Killed Ijyb
  2463 | D:3      | Found a burning altar of Makhleb.
  2463 | D:3      | Found a shimmering altar of Xom.
  2471 | D:3      | Reached skill level 5 in Armour
  2739 | D:3      | Noticed Natasha
  2743 | D:3      | Killed Natasha
  2818 | D:4      | Reached XP level 7. HP: 46/62 MP: 6/6
  2832 | D:4      | Reached skill level 5 in Maces & Flails
  3186 | D:4      | Reached skill level 6 in Fighting
  3438 | D:4      | Reached skill level 5 in Dodging
  3463 | D:4      | Found a staircase to the Ecumenical Temple.
  4036 | D:5      | Entered Level 5 of the Dungeon
  4062 | D:5      | Noticed Pikel
  4073 | D:5      | Killed Pikel
  4073 | D:5      | Reached skill level 7 in Fighting
  4073 | D:5      | Reached XP level 8. HP: 48/73 MP: 7/7
  4220 | D:5      | Found a sand-covered staircase.
  4231 | Ossuary  | Entered an ossuary
  4499 | Ossuary  | Reached ***** piety under Uskayaw
  4501 | Ossuary  | Reached XP level 9. HP: 53/81 MP: 8/8
  4503 | Ossuary  | Reached skill level 8 in Fighting
  5354 | D:6      | Noticed zapotec's ghost (novice DsBe)
  5397 | D:6      | Killed zapotec's ghost
  5596 | D:6      | Found a glowing golden altar of the Shining One.
  5605 | D:6      | Found a basalt altar of Yredelemnul.
  5607 | D:6      | Noticed a profane servitor
  5630 | D:6      | Noticed an angel
  5746 | D:6      | Reached skill level 5 in Shields
  5830 | D:7      | Found Pioheod's Book Emporium.
  5835 | D:7      | Found Estroliogg's Magic Scroll Emporium.
  5988 | D:7      | Bought a scroll of fear for 45 gold pieces
  5988 | D:7      | Bought a scroll of vulnerability for 97 gold pieces
  5988 | D:7      | Bought a scroll of identify for 26 gold pieces
  5988 | D:7      | Bought a scroll of identify for 26 gold pieces
  5988 | D:7      | Bought a scroll of immolation for 45 gold pieces
  5988 | D:7      | Bought a scroll of noise for 13 gold pieces
  6218 | D:7      | Found a shadowy altar of Dithmenos.
  6220 | D:7      | Found a white marble altar of Elyvilon.
  6526 | D:7      | Found a stormy altar of Qazlal.
  6552 | D:7      | Found Jonier's Assorted Antiques.
  6556 | D:7      | Found Ucso's Antique Armour Shoppe.
  7027 | D:8      | Found an opulent altar of Gozag.
  7037 | D:8      | Reached XP level 10. HP: 89/89 MP: 9/9
  7535 | D:8      | Found an ornate altar of the Wu Jian Council.
  7546 | D:8      | Reached skill level 10 in Maces & Flails
  7630 | D:8      | Noticed Erica
  7653 | D:8      | Killed Erica
  8047 | D:8      | Noticed Ymberto's ghost (novice NaTm)
  8080 | D:8      | Killed Ymberto's ghost
  8207 | D:9      | Noticed Maurice
  8259 | D:8      | Killed Maurice
  8259 | D:8      | Reached skill level 9 in Fighting
  8274 | D:8      | Gained mutation: You are dopey. (Int -2) [potion of mutation]
  8274 | D:8      | Gained mutation: Your spells are a little easier to cast, but a little less powerful. [potion of mutation]
  8274 | D:8      | Lost mutation: Your spells are a little easier to cast, but a little less powerful. [potion of mutation]
  8737 | D:9      | Reached skill level 10 in Armour
  8885 | D:9      | Noticed Joseph
  8905 | D:9      | Killed Joseph
  9282 | D:9      | Noticed Erolcha
  9300 | D:9      | Killed Erolcha
  9300 | D:9      | Reached XP level 11. HP: 63/97 MP: 10/10
  9513 | D:9      | Found a staircase to the Lair.
  9706 | D:10     | Entered Level 10 of the Dungeon
  9706 | D:10     | Noticed wojtek's ghost (journeyman MiFi)
 10739 | D:10     | Noticed an oklob plant
 10894 | D:10     | Killed wojtek's ghost
 11389 | D:10     | Found Kiosch's Gadget Shop.
 11588 | D:10     | Killed an oklob plant
 11965 | D:11     | Noticed a white ugly thing
 11976 | D:11     | Killed a white ugly thing
 12362 | D:11     | Found a staircase to the Orcish Mines.
 12713 | D:11     | Reached skill level 10 in Fighting
 12747 | D:11     | Reached XP level 12. HP: 75/106 MP: 11/11
 13167 | Orc:1    | Entered Level 1 of the Orcish Mines
 14048 | Orc:1    | Reached skill level 15 in Maces & Flails
 14063 | Orc:1    | Found Omaragif's General Store.
 14635 | D:12     | Noticed a centaur warrior
 14659 | D:12     | Killed a centaur warrior
 14917 | D:12     | Found an opulent altar of Gozag.
 15045 | D:12     | Noticed a two-headed ogre
 15052 | D:12     | Killed a two-headed ogre
 15895 | D:12     | Noticed a two-headed ogre
 15906 | D:12     | Killed a two-headed ogre
 16338 | D:13     | Found a shimmering altar of Xom.
 16339 | D:13     | Noticed a two-headed ogre
 16339 | D:13     | Noticed a two-headed ogre
 16364 | D:13     | Killed a two-headed ogre
 16400 | D:13     | Noticed a death knight
 16702 | D:13     | Killed a death knight
 16737 | D:13     | Killed a two-headed ogre
 16765 | D:13     | Reached skill level 11 in Fighting
 16983 | D:13     | Noticed Rupert
 17368 | D:13     | Killed Rupert
 17368 | D:13     | Reached XP level 13. HP: 57/116 MP: 12/12
 17736 | D:13     | Found a gate to the Vaults.
 17745 | D:13     | Paralysed by a hornet for 1 turns
 19014 | D:14     | Got a fine ring mail
 19025 | D:14     | Identified the +3 ring mail of Doitiori {Str+2} (You found it on level 14 of the Dungeon)
 19317 | D:14     | Got a thick robe
 19328 | D:14     | Identified the +2 robe "Noickol" {Stlth+} (You found it on level 14 of the Dungeon)
 19627 | D:14     | Found an opulent altar of Gozag.
 19759 | D:15     | Entered Level 15 of the Dungeon
 20700 | D:15     | Reached skill level 12 in Fighting
 20799 | D:15     | Found a staircase to the Depths.
 21019 | D:15     | Got a crystal mace {vamp}
 21022 | D:15     | Identified the +6 mace "Fapicwi" {vamp, rC++ Str-3 Int+5} (You took it off a wizard on level 15 of the Dungeon)
 21436 | D:15     | Reached XP level 14. HP: 98/127 MP: 7/13
 21699 | Lair:1   | Entered Level 1 of the Lair of Beasts
 21719 | Lair:1   | Found a hazy altar of Hepliaklqana.
 23594 | Lair:1   | Reached skill level 13 in Fighting
 25111 | Lair:4   | Found a hole to the Spider Nest.
 25174 | Lair:4   | Found a staircase to the Swamp.
 26012 | Lair:5   | Reached ****** piety under Uskayaw
 26289 | Lair:5   | Reached skill level 14 in Fighting
 26333 | Lair:5   | Reached skill level 1 in Evocations
 26676 | Lair:5   | Noticed Snorg
 26684 | Lair:5   | Killed Snorg
 27085 | Lair:6   | Entered Level 6 of the Lair of Beasts
 27098 | Lair:6   | Reached skill level 1 in Invocations
 27206 | Lair:6   | Found a staircase to the Slime Pits.
 27206 | Lair:6   | Found a viscous altar of Jiyva.
 27268 | Lair:6   | Reached XP level 15. HP: 84/139 MP: 12/15
 27981 | Lair:6   | Reached skill level 15 in Fighting
 28013 | Lair:6   | Reached skill level 5 in Invocations
 29103 | Orc:1    | Bought 3 scrolls of identify for 84 gold pieces
 29234 | Orc:1    | Found Motyu's Antique Armour Emporium.
 29288 | Orc:1    | Found Rownip Xuqo's Assorted Antiques.
 29293 | Orc:1    | Found Cunt's Jewellery Emporium.
 29295 | Orc:1    | Found Kiojysuf's Book Boutique.
 29396 | Orc:1    | Reached skill level 10 in Dodging
 29599 | Orc:2    | Entered Level 2 of the Orcish Mines
 29861 | Orc:2    | Found a staircase to the Elven Halls.
 30337 | Orc:2    | Found Ycle's General Store.
 30341 | Orc:2    | Found Qoejoo's Distillery.
 30361 | Orc:2    | Reached skill level 16 in Fighting
 30736 | Orc:2    | Gained mutation: Your spells are a little easier to cast, but a little less powerful. [a neqoxec]
 31174 | Orc:2    | Found Deiceam's Gadget Shop.
 31174 | Orc:2    | Found Heyrulol's Antique Weapon Boutique.
 31174 | Orc:2    | Found a one-way gate leading to the halls of Pandemonium.
 31375 | Orc:2    | Reached skill level 17 in Fighting
 31858 | Spider:1 | Entered Level 1 of the Spider Nest
 32409 | Spider:1 | Reached XP level 16. HP: 127/155 MP: 15/18
 32578 | Spider:1 | Got a tattered robe
 33214 | Spider:1 | Identified the +2 robe "Segets" {Regen+ rCorr Stlth+} (You found it on level 1 of the Spider Nest)
 33405 | Orc:1    | Bought a shiny crystal plate armour for 2573 gold pieces
 33641 | Spider:1 | Reached skill level 18 in Fighting
 35269 | Spider:2 | Lost mutation: You are dopey. (Int -2) [potion of mutation]
 35269 | Spider:2 | Lost mutation: Your spells are a little easier to cast, but a little less powerful. [potion of mutation]
 35269 | Spider:2 | Gained mutation: You are partially covered in thin metallic scales. (AC +2) [potion of mutation]
 35269 | Spider:2 | Gained mutation: Your mind is acute. (Int +2) [potion of mutation]
 35269 | Spider:2 | Gained mutation: Your muscles are strong. (Str +2) [potion of mutation]
 35270 | Spider:2 | Lost mutation: Your muscles are strong. (Str +2) [potion of mutation]
 35270 | Spider:2 | Lost mutation: Your mind is acute. (Int +2) [potion of mutation]
 35270 | Spider:2 | Gained mutation: You are surrounded by a mild repulsion field. (EV +2) [potion of mutation]
 35523 | Spider:3 | Reached skill level 19 in Fighting
 35567 | Spider:3 | Got a distressingly furry chain mail
 35578 | Spider:3 | Identified the +6 chain mail "Weuziext" {rElec rF+ rN+} (You found it on level 3 of the Spider Nest)
 35892 | Spider:3 | Reached skill level 15 in Armour
 36143 | Spider:4 | Entered Level 4 of the Spider Nest
 36629 | Spider:4 | Reached XP level 17. HP: 170/170 MP: 0/19
 36782 | Spider:4 | Reached skill level 20 in Fighting
 37698 | Spider:4 | Got a gossamer rune of Zot
 37891 | Swamp:1  | Entered Level 1 of the Swamp
 38057 | Swamp:1  | Reached skill level 21 in Fighting
 39292 | Swamp:3  | Noticed Mara
 39311 | Swamp:3  | Noticed tev's illusion
 39318 | Swamp:3  | HP: 7/173 [tev's illusion[Mara] (30)]
 39320 | Swamp:3  | Slain by a thorn hunter

Skill      XL: |  1  2  3  4  5  6  7  8  9 10 11 12 13 14 15 16 17 |
---------------+----------------------------------------------------+-----
Maces & Flails | 4 5 6 9 11 14 17 19 20 | 20.0
Fighting       | 4 5 7 8 9 10 11 12 14 17 19 21 | 21.4
Armour         | 1 4 5 7 8 9 10 11 12 13 15 16 | 16.2
Dodging        | 4 5 6 7 9 10 | 10.7
Shields        | 2 3 6 9 |  9.3
Evocations     | 1 |  1.0
Invocations    | 2 5 |  5.0
Axes           | |  0.2
Stealth        | |  1.5

Action                   |  1- 3 |  4- 6 |  7- 9 | 10-12 | 13-15 | 16-18 || total
-------------------------+-------+-------+-------+-------+-------+-------++-------
Melee: Mace              |    50 |       |       |   117 |   430 |       ||   597
       Headbutt          |    11 |    10 |   112 |   157 |   219 |   155 ||   664
       War axe           |    19 |    58 |    54 |       |       |       ||   131
       Whip              |       |       |   438 |   260 |       |       ||   698
       Great mace        |       |       |       |   432 |   679 |   770 ||  1881
Invok: Stomp             |       |     1 |     2 |     5 |     1 |     1 ||    10
       Grand Finale      |       |       |       |       |     1 |       ||     1
  Use: Scroll            |       |     1 |    12 |     8 |     9 |     8 ||    38
       Potion            |       |       |       |    19 |     9 |     3 ||    31
 Stab: Paralysed         |       |     3 |    22 |    34 |    86 |    63 ||   208
       Confused          |       |       |       |       |     2 |       ||     2
       Sleeping          |       |       |       |       |     1 |       ||     1
       Petrifying        |       |       |       |       |       |     1 ||     1
  Eat: Ration            |     1 |     1 |     3 |    10 |    15 |     6 ||    36
       Chunk             |       |       |     3 |     4 |     3 |     1 ||    11
Armor: Ring mail         |    24 |       |       |       |   265 |    21 ||   310
       Scale mail        |     7 |    25 |    53 |       |       |       ||    85
       Fire dragon scale |       |       |    55 |   299 |    26 |       ||   380
       Skin              |       |       |       |       |     5 |       ||     5
       Crystal plate arm |       |       |       |       |       |   911 ||   911
Dodge: Dodged            |    47 |    45 |   137 |   369 |   547 |   534 ||  1679
Block: Shield            |       |       |   136 |   114 |   181 |       ||   431
